 Dungeon Sprint DCSS version bcrawl-1.12-11-gb93c957c58 (webtiles) character file.

Game seed: 17449760196655944583

8000000 Groucho the Axe Maniac (level 27, -8/249 HPs)
             Began as a Demonspawn Rogue on July 9, 2019.
             Was the Champion of Makhleb.
             Mangled by The Servant
             ... wielding a +9 glaive of flaming
              (59 damage)
             ... in the Dungeon (Sprint VIII: "Arena of Blood").
             The game lasted 00:03:51 (80 turns).

Groucho the Axe Maniac (Demonspawn Rogue)             Turns: 80, Time: 00:03:52

Health: -8/249     AC: 10    Str: 17    XL:     27
Magic:  54/54      EV: 46    Int: 13    God:    Makhleb [******]
Gold:   0          SH:  0    Dex: 32    Spells: 80/80 levels left

rFire    + . .     SeeInvis .   o - +∞ Axe of Woe
rCold    + . .     Gourm    .   (shield currently unavailable)
rNeg     . . .     Faith    .   c - +0 robe
rPois    .         Spirit   .   (no helmet)
rElec    .         Reflect  .   d - +0 cloak
rCorr    .         Harm     .   (no gloves)
MR       ++...     NoTele   +   (boots unavailable)
Stlth    ++++++++++             (no amulet)
HPRegen  0.51/turn              (no ring)
MPRegen  0.34/turn              (no ring)

@: mighty, agile
A: talons 3, icy blue scales 3, demonic guardian 3, fire resistance 1, hurl
damnation, powered by pain 3, flame cloud immunity
a: Hurl Damnation, Minor Destruction, Lesser Servant of Makhleb, Major
Destruction, Greater Servant of Makhleb, Renounce Religion


You were in the Dungeon.
You worshipped Makhleb.
Makhleb was exalted by your worship.
You were not hungry.

You visited 1 branch

Inventory:

Hand Weapons
 a - a +2 dagger
 b - a +0 blowgun
 o - the +∞ Axe of Woe (weapon)
   (You found it in the Dungeon)
Missiles
 e - 80 poisoned needles
Armour
 c - a +0 robe (worn)
 d - a +0 cloak (worn)
Wands
 f - a wand of flame (15)
 g - a wand of enslavement (15)
Scrolls
 n - a scroll of blinking
Potions
 i - a potion of curing
 j - a potion of heal wounds
 k - a potion of haste
 l - 2 potions of magic
 m - a potion of berserk rage
Comestibles
 h - a ration {!d}


   Skills:
 O Level 27 Fighting
 O Level 27 Short Blades
 O Level 27 Axes
 O Level 27 Throwing
 O Level 27 Armour
 O Level 27 Dodging
 O Level 27 Stealth
 O Level 27 Unarmed Combat
 O Level 27 Spellcasting
 O Level 27 Invocations
 O Level 27 Evocations


You had 80 spell levels left.
You didn't know any spells.
Your spell library was empty.

Dungeon Overview and Level Annotations

Branches:
Dungeon (1/1)

Altars:
Makhleb

Annotations:
D The Servant


Innate Abilities, Weirdness & Mutations

You have claws for feet.
You are completely covered in icy blue scales. (AC +4, rC+)
A powerful demonic guardian rushes to your aid.
Your flesh is heat resistant. (rF+)
You can hurl damnation.
You are powered by pain.
You are immune to clouds of flame.


Message History

The Servant convulses!
The bag of meat convulses!
You hear a shout!
You hear a bellow!
You hear a shout! 2 vampire knights and a lich come into view.
A destroyer is wielding a +9 great sword of slicing.
A destroyer is wielding a +9 great sword of slicing.
Unknown command.
Unknown command.
Unknown command. 3 orcs, 2 ogres, a hell beast and a wraith come into view.
The eight-headed meat hydra appears out of thin air!
An eight-headed meat hydra comes into view.
The large bag of meat shouts in stereo!
The meat beast roars deafeningly!
You hear a shout! x2; You hear a roar!
You hear a shout! x5
You hear an angry hiss.
You hear a shout! x8
The destroyer completely misses you. The destroyer bites you.
* * * LOW HITPOINT WARNING * * *
The destroyer draws strength from your injuries!
You hear a shout!
The meat berserker rages.
The Servant hits you with a +9 glaive of flaming!!!
You die...

..###.% VXL###..%
.......###........
........_.X%%.....
#))))V# ..... .
#_)<)_#.W....
....#%))))#...o..
....%))_§§°......
.....)###2)..O...
..###...V@☼☼###...
. #...@...# ..
#..o....#
..%..x...D..
........{..2.
.O...........#
.WV........##Oo
.#oo......#. .o


You could see a meat beast, The Servant, an eight-headed meat hydra (wandering),
3 destroyers, a large bag of meat (inner flame), a large abomination, 2 dreads,
2 meat berserkers, a small abomination, 6 bags of meat and a friendly
lorocyproca (invisible).

Vanquished Creatures
  2 hell beasts (D)
  12 vampire knights (D)
  17 ogres (D)
  4 two-headed ogres (D)
  5 liches (D)
  32 orcs (D)
  3 skeletal warriors (D)
  A small abomination (D)
  5 large abominations (D)
  2 crawling corpses (D)
83 creatures vanquished.

Vanquished Creatures (others)
  A hydra (D)
  2 orcs (D)
3 creatures vanquished.

Grand Total: 86 creatures vanquished

Notes
Turn   | Place    | Note
-------+----------+-------------------------------------------
     0 | D        | Found the +∞ Axe of Woe
     0 | D        | Groucho the Demonspawn Rogue began the quest for the Orb.
     0 | D        | Reached XP level 1. HP: 13/13 MP: 2/2
     2 | D        | Noticed a bag of meat
     2 | D        | Noticed a bag of meat
     3 | D        | Noticed a bag of meat
     3 | D        | Noticed a bag of meat
     4 | D        | Became a worshipper of Makhleb the Destroyer
     8 | D        | Noticed a meat berserker
     9 | D        | Killed a bag of meat
     9 | D        | Gained mutation: You have sharp toenails. [demonic
                  | ancestry]
     9 | D        | Reached XP level 2. HP: 19/19 MP: 3/3
     9 | D        | Gained mutation: You have razor-sharp toenails. [demonic
                  | ancestry]
     9 | D        | Reached XP level 3. HP: 24/24 MP: 4/4
     9 | D        | Gained mutation: A weak demonic guardian rushes to your
                  | aid. [demonic ancestry]
     9 | D        | Reached XP level 4. HP: 30/30 MP: 5/5
     9 | D        | Gained mutation: You are partially covered in icy blue
                  | scales. (AC +2) [demonic ancestry]
     9 | D        | Reached XP level 5. HP: 35/35 MP: 6/6
     9 | D        | Gained mutation: You sometimes gain a little power by
                  | taking damage. [demonic ancestry]
     9 | D        | Reached XP level 6. HP: 41/41 MP: 7/7
     9 | D        | Gained mutation: Your flesh is heat resistant. (rF+)
                  | [demonic ancestry]
     9 | D        | Reached XP level 7. HP: 46/46 MP: 8/8
     9 | D        | Gained mutation: You have claws for feet. [demonic
                  | ancestry]
     9 | D        | Reached XP level 8. HP: 52/52 MP: 9/9
     9 | D        | Gained mutation: You are mostly covered in icy blue scales.
                  | (AC +3) [demonic ancestry]
     9 | D        | Reached XP level 9. HP: 57/57 MP: 10/10
     9 | D        | Gained mutation: A demonic guardian rushes to your aid.
                  | [demonic ancestry]
     9 | D        | Reached XP level 10. HP: 63/63 MP: 11/11
     9 | D        | Reached XP level 11. HP: 68/68 MP: 12/12
     9 | D        | Killed a bag of meat
     9 | D        | Reached XP level 12. HP: 74/74 MP: 13/13
    10 | D        | Noticed a bag of meat
    11 | D        | Noticed a bag of meat
    13 | D        | Killed a meat berserker
    13 | D        | Reached * piety under Makhleb
    13 | D        | Reached XP level 13. HP: 79/79 MP: 14/14
    13 | D        | Reached XP level 14. HP: 85/85 MP: 15/15
    13 | D        | Killed a bag of meat
    15 | D        | Killed a bag of meat
    15 | D        | Reached ** piety under Makhleb
    15 | D        | Reached XP level 15. HP: 90/90 MP: 16/16
    17 | D        | Noticed a meat berserker
    18 | D        | Noticed a meat berserker
    19 | D        | Reached skill level 27 in Axes
    19 | D        | Reached skill level 27 in Dodging
    19 | D        | Reached skill level 10 in Fighting
    19 | D        | Noticed a meat berserker
    20 | D        | Noticed a destroyer
    20 | D        | Noticed a meat berserker
    22 | D        | Reached *** piety under Makhleb
    22 | D        | Reached XP level 16. HP: 133/133 MP: 17/17
    23 | D        | Reached skill level 15 in Armour
    24 | D        | Killed a meat berserker
    24 | D        | Gained mutation: You sometimes gain power by taking damage.
                  | [demonic ancestry]
    24 | D        | Reached XP level 17. HP: 162/162 MP: 18/18
    24 | D        | Noticed a meat berserker
    25 | D        | Killed a meat berserker
    25 | D        | Reached **** piety under Makhleb
    25 | D        | Gained mutation: You are immune to clouds of flame.
                  | [demonic ancestry]
    25 | D        | Reached XP level 18. HP: 180/180 MP: 19/19
    25 | D        | Noticed a large bag of meat
    26 | D        | Noticed a destroyer
    27 | D        | Killed a meat berserker
    27 | D        | Reached skill level 27 in Fighting
    27 | D        | Reached skill level 27 in Armour
    27 | D        | Noticed a meat berserker
    29 | D        | Noticed an eight-headed meat hydra
    29 | D        | Killed a destroyer
    29 | D        | Reached skill level 27 in Invocations
    29 | D        | Reached skill level 5 in Short Blades
    29 | D        | Reached skill level 5 in Throwing
    29 | D        | Reached skill level 5 in Unarmed Combat
    29 | D        | Reached skill level 5 in Spellcasting
    29 | D        | Reached XP level 19. HP: 189/189 MP: 19/36
    29 | D        | Reached ***** piety under Makhleb
    29 | D        | Noticed a large bag of meat
    29 | D        | Noticed a meat berserker
    30 | D        | Reached skill level 10 in Short Blades
    30 | D        | Reached skill level 10 in Throwing
    30 | D        | Reached skill level 10 in Unarmed Combat
    30 | D        | Reached skill level 10 in Spellcasting
    31 | D        | Killed a meat berserker
    33 | D        | Gained mutation: You are powered by pain. [demonic
                  | ancestry]
    33 | D        | Reached XP level 20. HP: 197/197 MP: 20/37
    33 | D        | Killed a meat berserker
    33 | D        | Reached skill level 15 in Short Blades
    33 | D        | Reached skill level 15 in Throwing
    33 | D        | Reached skill level 15 in Unarmed Combat
    33 | D        | Reached skill level 15 in Spellcasting
    34 | D        | Killed a destroyer
    35 | D        | Noticed a destroyer
    35 | D        | Killed a meat berserker
    35 | D        | Reached XP level 21. HP: 204/204 MP: 20/44
    36 | D        | Killed a large bag of meat
    36 | D        | Reached ****** piety under Makhleb
    36 | D        | Noticed a destroyer
    39 | D        | Noticed a large bag of meat
    40 | D        | Reached XP level 22. HP: 134/212 MP: 46/48
    40 | D        | Killed a destroyer
    42 | D        | Killed a destroyer
    42 | D        | Reached skill level 27 in Evocations
    43 | D        | Killed a large bag of meat
    43 | D        | Reached XP level 23. HP: 219/219 MP: 47/53
    44 | D        | Noticed a destroyer
    44 | D        | Noticed a destroyer
    45 | D        | Killed a large bag of meat
    45 | D        | Noticed a destroyer
    46 | D        | Killed a destroyer
    46 | D        | Reached skill level 27 in Short Blades
    46 | D        | Reached skill level 27 in Throwing
    46 | D        | Reached skill level 27 in Unarmed Combat
    46 | D        | Reached skill level 27 in Spellcasting
    47 | D        | Noticed a tyrant
    47 | D        | Noticed a destroyer
    48 | D        | Killed a destroyer
    48 | D        | Reached skill level 27 in Stealth
    48 | D        | Gained mutation: You can hurl damnation. [demonic ancestry]
    48 | D        | Reached XP level 24. HP: 227/227 MP: 54/54
    49 | D        | Noticed a destroyer
    50 | D        | Noticed a tyrant
    53 | D        | Noticed a tyrant
    53 | D        | Noticed a large bag of meat
    54 | D        | Killed a destroyer
    54 | D        | Noticed a destroyer
    55 | D        | Noticed a tyrant
    55 | D        | Noticed a destroyer
    56 | D        | Killed a destroyer
    56 | D        | Gained mutation: A powerful demonic guardian rushes to your
                  | aid. [demonic ancestry]
    56 | D        | Reached XP level 25. HP: 234/234 MP: 54/54
    56 | D        | Killed a tyrant
    58 | D        | Noticed a tyrant
    58 | D        | Killed a destroyer
    58 | D        | Killed a destroyer
    58 | D        | Reached XP level 26. HP: 242/242 MP: 54/54
    60 | D        | Killed a tyrant
    60 | D        | Noticed a destroyer
    64 | D        | Killed a destroyer
    64 | D        | Killed a large bag of meat
    65 | D        | Killed a destroyer
    65 | D        | Gained mutation: You are completely covered in icy blue
                  | scales. (AC +4, rC+) [demonic ancestry]
    65 | D        | Reached XP level 27. HP: 249/249 MP: 54/54
    65 | D        | Killed a tyrant
    68 | D        | Killed a tyrant
    71 | D        | Noticed a meat beast
    71 | D        | Noticed The Servant
    71 | D        | Noticed a destroyer
    73 | D        | Noticed a dread
    75 | D        | Killed a meat beast
    75 | D        | Killed a tyrant
    75 | D        | Noticed a destroyer
    76 | D        | Noticed a meat beast
    77 | D        | Killed a meat beast
    80 | D        | Noticed a destroyer
    80 | D        | Noticed a destroyer
    80 | D        | Noticed a tyrant
    80 | D        | Noticed a dread
    80 | D        | Noticed a large bag of meat
    80 | D        | Noticed a meat beast
    80 | D        | Mangled by The Servant

Skill      XL: |  1  2  3  4  5  6  7  8  9 10 11 12 13 14 15 16 17 18 19 20 21 22 23 |
---------------+----------------------------------------------------------------------+-----
Axes           | 18 20 23 25 27 | 27.0
Dodging        | 18 20 23 25 27 | 27.0
Fighting       | 14 22 26 27 | 27.0
Armour         | 13 21 24 27 | 27.0
Invocations    | 27 | 27.0
Short Blades   | 5 13 19 22 26 27 | 27.0
Throwing       | 5 13 19 22 26 27 | 27.0
Unarmed Combat | 5 13 19 22 26 27 | 27.0
Spellcasting   | 5 13 19 22 26 27 | 27.0
Evocations     | 6 14 20 24 27 | 27.0
Stealth        | 27 | 27.0

Action                   |  1- 3 |  4- 6 |  7- 9 | 10-12 | 13-15 | 16-18 | 19-21 | 22-24 | 25-27 || total
-------------------------+-------+-------+-------+-------+-------+-------+-------+-------+-------++-------
Melee: Executioner's axe |     1 |       |       |     1 |     4 |     5 |     8 |     8 |    19 ||    46
Armor: Robe              |       |       |       |       |       |       |     1 |     1 |       ||     2
Dodge: Dodged            |       |       |       |     1 |       |     1 |     1 |     5 |    11 ||    19
